 Dungeon Crawl Stone Soup version 0.29.0-4-gdea44cf6ec (webtiles) character file.

Game seed: 13717423235133355398

9 qw the Firebug (level 2, 0/23 HPs)
             Began as a Ghoul Fire Elementalist on Aug 29, 2022.
             Slain by a gnoll
             ... wielding a +0 club
              (7 damage)
             ... on level 1 of the Dungeon.
             The game lasted 00:00:19 (469 turns).

qw the Firebug (Ghoul Fire Elementalist)             Turns: 469, Time: 00:00:19

Health: 0/23       AC:  2    Str: 11    XL:     2   Next: 12%
Magic:  3/3        EV: 12    Int: 10    God:
Gold:   13         SH:  0    Dex:  9    Spells: 3/4 levels left

rFire   . . .      SeeInvis .     - Unarmed
rCold   + . .      Faith    .   (no shield)
rNeg    + + +      Spirit   .   a - +0 robe
rPois   inf        Reflect  .   (no helmet)
rElec   .          Harm     .   (no cloak)
rCorr   .          Rampage  .   (no gloves)
Will    .....                   (no boots)
Stlth   ++........              (no amulet)
HPRegen 0.00/turn               (no ring)
MPRegen 0.08/turn               (no ring)

@: inhibited regen
A: claws 1, cold resistance 1, negative energy resistance 3, inhibited
regeneration, torment resistance 2, devour on kill
a: no special abilities


You were on level 1 of the Dungeon.
You visited 1 branch of the dungeon, and saw 1 of its levels.

You collected 13 gold pieces.


Innate Abilities, Weirdness & Mutations

You are immune to poison.
You have sharp fingernails.
Your flesh is cold resistant. (rC+)
You are immune to negative energy. (rN+++)
You do not regenerate when monsters are visible.
You are immune to unholy pain and torment.
You thrive by killing the living.


   Skills:
 - Level 1.0 Fighting
 - Level 1.7 Dodging
 - Level 2.1 Stealth
 + Level 1.3 Unarmed Combat
 - Level 1.7 Spellcasting
 - Level 0.7 Conjurations
 - Level 2.4 Fire Magic


You had 3 spell levels left.
You knew the following spells:

 Your Spells              Type           Power      Damage    Failure   Level
a - Foxfire               Conj/Fire      16%        2x1d4     17%         1

Your spell library contained the following spells:

 Spells                   Type           Power      Damage    Failure   Level
 Scorch                   Fire           10%        2d5       19%         2
 Conjure Flame            Conj/Fire      4%         6-21      45%         3
 Inner Flame              Hex/Fire       3%         N/A       52%         3
 Flame Wave               Conj/Fire      4%         2d5       86%         4

Inventory:

Armour
 a - a +0 robe (worn)
Potions
 b - a potion of magic
 c - a potion of lignification {unknown}

Dungeon Overview and Level Annotations

Branches:
Dungeon (1/15)

Altars:

Shops:
D:1 [(


Message History

The rat closely misses you.
You scratch the rat.
You kill the rat!
You now have 13 gold pieces (gained 12).
There is an abandoned shop here.
There is an entrance to Ymoqomi's Armour Shop here.
Enter note:
449 ||| SHOPLISTING +0 chain mail of cold resistance (149 gold, have 13).
You can access your shopping list by pressing '$'.
449 ||| SHOPLISTING +0 helmet (58 gold, have 13).
You can access your shopping list by pressing '$'.
449 ||| SHOPLISTING +0 ring mail (52 gold, have 13).
You can access your shopping list by pressing '$'.
449 ||| SHOPLISTING +1 ring mail of Burnt Leaves {rF++} (435 gold, have 13).
You can access your shopping list by pressing '$'.
449 ||| SHOPLISTING +1 ring mail of willpower (208 gold, have 13).
You can access your shopping list by pressing '$'.
449 ||| SHOPLISTING +4 chain mail of cold resistance (409 gold, have 13).
You can access your shopping list by pressing '$'.
449 ||| SHOPLISTING +6 plate armour of Jeneut {rPois rF+ rCorr Str+3} (1080 gold, have 13).
You can access your shopping list by pressing '$'.
Found a stone staircase leading down.
There is a stone staircase leading down here.
There is a stone staircase leading down here.
A gnoll comes into view. It is wielding a +0 club.
The gnoll shouts!
Enter note: You scratch the gnoll.
The gnoll is lightly wounded.
The gnoll hits you with a +0 club.
You closely miss the gnoll.
The gnoll is lightly wounded.
The gnoll hits you with a +0 club!
You scratch the gnoll.
The gnoll is heavily wounded.
The gnoll hits you with a +0 club.
You scratch the gnoll.
The gnoll is almost dead.
The gnoll hits you with a +0 club!
You die...

#........... .... ...
#.#......... ##... ..#
#\.\........ .....##.###
#........... ..........#
#\.\........ ..........#
#..########. ..........#
#.#.........
..........###...#######.
.....##@####......... #.
......g.............. #.
.....##.#>.#......... #.
.... #.#.##......... #.
### #.#.##......... #.
#.#.########### #. ..#..
## ###.# ..#


You could see a gnoll.

Vanquished Creatures
  A dart slug (D:1)
  A ball python (D:1)
  A giant cockroach (D:1)
  A hobgoblin (D:1)
  A bat (D:1)
  2 rats (D:1)
7 creatures vanquished.

Notes
Turn   | Place    | Note
-------+----------+-------------------------------------------
     0 | D:1      | qw the Ghoul Fire Elementalist began the quest for the Orb.
     0 | D:1      | Reached XP level 1. HP: 14/14 MP: 2/2
     0 | D:1      | 0 ||| qw: Version: 0.1-a-90-g952f4b7
     0 | D:1      | 0 ||| qw: Game counter: 3849
     0 | D:1      | 0 ||| qw: Always use a shield: true
     0 | D:1      | 0 ||| qw: God list: Okawaru
     0 | D:1      | 0 ||| qw: Allow faded altars: false
     0 | D:1      | 0 ||| qw: Do Orc after D:15 true
     0 | D:1      | 0 ||| qw: Do second Lair branch before Depths: true
     0 | D:1      | 0 ||| qw: Lair rune preference: random
     0 | D:1      | 0 ||| qw: Plans: Normal
     0 | D:1      | 0 ||| PLANNING D:1-11
    53 | D:1      | Found Ogobanil's Weapon Shoppe.
    89 | D:1      | 89 ||| Stepping ~*~*~tactically~*~*~ (stealth).
    90 | D:1      | 90 ||| Stepping ~*~*~tactically~*~*~ (stealth).
    96 | D:1      | 96 ||| Stepping ~*~*~tactically~*~*~ (stealth).
   202 | D:1      | Reached skill level 1 in Unarmed Combat
   226 | D:1      | 226 ||| Stepping ~*~*~tactically~*~*~ (hiding).
   328 | D:1      | 328 ||| Stepping ~*~*~tactically~*~*~ (hiding).
   344 | D:1      | Reached skill level 1 in Fighting
   344 | D:1      | Reached XP level 2. HP: 18/23 MP: 3/3
   440 | D:1      | Found Ymoqomi's Armour Shop.
   449 | D:1      | 449 ||| SHOPLISTING +0 chain mail of cold resistance (149
                  | gold, have 13).
   449 | D:1      | 449 ||| SHOPLISTING +0 helmet (58 gold, have 13).
   449 | D:1      | 449 ||| SHOPLISTING +0 ring mail (52 gold, have 13).
   449 | D:1      | 449 ||| SHOPLISTING +1 ring mail of Burnt Leaves {rF++}
                  | (435 gold, have 13).
   449 | D:1      | 449 ||| SHOPLISTING +1 ring mail of willpower (208 gold,
                  | have 13).
   449 | D:1      | 449 ||| SHOPLISTING +4 chain mail of cold resistance (409
                  | gold, have 13).
   449 | D:1      | 449 ||| SHOPLISTING +6 plate armour of Jeneut {rPois rF+
                  | rCorr Str+3} (1080 gold, have 13).
   469 | D:1      | Slain by a gnoll

Levels and vault maps discovered:
D:1:      dpeg_arrival_water_temple_mockup, layout_basic, serial_shops,
          nicolae_shop_competitors_out_of_business,
          nicolae_shop_competitors_out_of_business, nicolae_shop_trees

Skill      XL: |  1 |
---------------+----+-----
Unarmed Combat | 1 |  1.3
Fighting       | 1 |  1.0
Dodging        | |  1.7
Stealth        | |  2.1
Spellcasting   | |  1.7
Conjurations   | |  0.7
Fire Magic     | |  2.4

Action                   || total
-------------------------++-------
Melee: Unarmed           ||    31
Armor: Robe              ||     6
Dodge: Dodged            ||    12

Table legend:
 A = Non-vault XP
 B = Vault XP
 C = Vault XP percentage of total XP
 D = Non-vault monster count
 E = Vault monster count
 F = Vault count percentage of total count
                 A         B        C        D         E       F
            +---------+---------+-------+---------+---------+-------
      Total |      13 |       0 |   0.0 |       7 |       0 |   0.0
            +---------+---------+-------+---------+---------+-------
        D:1 |      13 |       0 |   0.0 |       7 |       0 |   0.0
            +---------+---------+-------+---------+---------+-------
